 Dungeon Crawl Stone Soup version 0.24-b1 (webtiles) character file.

Game seed: 14669842561606704576, levelgen mode: deterministic

28393 Mattoad the Severer (level 13, -1/118 HPs)
             Began as a Minotaur Fighter on Oct 11, 2019.
             Was a High Priest of the Shining One.
             Succumbed to Nessos's poison
             ... on level 6 of the Lair of Beasts on Oct 12, 2019.
             The game lasted 01:39:43 (16172 turns).

Mattoad the Severer (Minotaur Fighter)             Turns: 16172, Time: 01:39:44

Health: -1/118     AC: 18    Str: 25    XL:     13   Next: 9%
Magic:  13/13      EV: 12    Int:  9    God:    the Shining One [*****.]
Gold:   870        SH: 17    Dex: 14    Spells: 12/12 levels left

rFire    . . .     SeeInvis .   E - +7 war axe (freeze)
rCold    . . .     Gourm    .   c - +4 shield
rNeg     + + +     Faith    .   j - +1 pearl dragon scales
rPois    +         Spirit   .   (helmet restricted)
rElec    .         Reflect  .   u - +1 cloak {rPois}
rCorr    .         Harm     .   (no gloves)
MR       +....                  (no boots)
Stlth    +.........             (no amulet)
HPRegen  0.29/turn              C - ring of stealth
MPRegen  0.13/turn              b - ring of Bakuxt {+Fly Int+4 Dex+3}

@: lethally poisoned (-1 -> -10), glowing
A: retaliatory headbutt, horns 2, magic resistance 1, mutation resistance 1
a: Divine Shield, Cleansing Flame, Summon Divine Warrior, Renounce Religion,
Evoke Flight


You were on level 6 of the Lair of Beasts.
You worshipped the Shining One.
The Shining One was extremely pleased with you.
You were full.

You visited 3 branches of the dungeon, and saw 19 of its levels.

You collected 870 gold pieces.

Inventory:

Hand Weapons
 a - a +2 war axe
 s - a +2 hunting sling of freezing
 E - a +7 war axe of freezing (weapon)
Missiles
 v - 60 sling bullets
Armour
 c - a +4 shield (worn)
 j - +1 pearl dragon scales (worn)
 u - a +1 cloak of poison resistance (worn)
Magical Staves
 F - an uncursed staff of wizardry
Jewellery
 b - the ring of Bakuxt (right hand) {+Fly Int+4 Dex+3}
   (You took it off an orc warrior on level 9 of the Dungeon)

   [ring of dexterity]

   It affects your intelligence (+4).
   It affects your dexterity (+3).
   It lets you fly.
 h - an uncursed ring of fire
 q - an uncursed ring of positive energy
 t - an uncursed ring of flight
 C - a ring of stealth (left hand)
 I - an uncursed ring of ice
 J - a +5 ring of intelligence
 K - an uncursed ring of positive energy
Wands
 g - a wand of enslavement (6)
 l - a wand of scattershot (4)
 m - a wand of flame (14)
 w - a wand of acid (7)
 A - a wand of polymorph (7)
 B - a wand of digging (7)
 O - a wand of iceblast (7)
Scrolls
 e - 4 scrolls of holy word
 i - 6 scrolls of identify
 n - 2 scrolls of amnesia
 p - a scroll of silence
 r - a scroll of immolation
 y - 3 scrolls of remove curse
 H - 3 scrolls of magic mapping
Potions
 x - a potion of magic
 D - 2 potions of cancellation
Miscellaneous
 M - a lamp of fire
Comestibles
 f - 12 rations


   Skills:
 + Level 12.0 Fighting
 + Level 15.9 Axes
 - Level 3.7(4.1) Slings
 + Level 2.0(3.0) Throwing
 + Level 11.1 Armour
 - Level 4.4 Dodging
 - Level 1.2 Stealth
 + Level 11.7 Shields
 - Level 2.0 Invocations
 - Level 0.1 Evocations


You had 12 spell levels left.
You didn't know any spells.
Your spell library contained the following spells:

 Spells                   Type           Power        Failure   Level  Hunger
 Corona                   Hex            #......      82%         1    ##.....
 Summon Small Mammal      Summ           #...         82%         1    ##.....
 Call Imp                 Summ           #.......     91%         2    ###....
 Ensorcelled Hibernation  Hex/Ice        #.....       91%         2    ###....
 Slow                     Hex            #.......     91%         2    ###....
 Call Canine Familiar     Summ           #.......     99%         3    ####...
 Inner Flame              Hex/Fire       #.......     99%         3    ####...
 Portal Projectile        Hex/Tloc       #.....       99%         3    ####...
 Summon Guardian Golem    Hex/Summ       #.......     99%         3    ####...
 Cause Fear               Hex            #.........   100%        4    #####..
 Leda's Liquefaction      Hex/Erth       #.........   100%        4    #####..
 Summon Ice Beast         Ice/Summ       #.......     100%        4    #####..
 Summon Lightning Spire   Summ/Air       #.......     100%        4    #####..
 Borgnjor's Vile Clutch   Necr/Erth      #.........   100%        5    ######.
 Silence                  Hex/Air        #.........   100%        5    ######.
 Yara's Violent Unravell  Hex/Tmut       #.........   100%        5    ######.
 Darkness                 Hex            #.........   100%        6    #######
 Deflect Missiles         Chrm/Air       #.........   100%        6    #######
 Shadow Creatures         Summ           N/A          100%        6    #######
 Discord                  Hex            #.........   100%        8    #######


Dungeon Overview and Level Annotations

Branches:
Dungeon (12/15)            Temple (1/1) D:5            Lair (6/6) D:9
    Orc (0/2) D:12
  Swamp: Lair:2-4    Shoals: Lair:2-4     Snake: Lair:2-4    Spider: Lair:2-4
  Slime: Lair:5-6

Altars:
Ashenzari
Cheibriados
Dithmenos
Elyvilon
Fedhas
Gozag
Hepliaklqana
Kikubaaqudgha
Makhleb
Nemelex Xobeh
Okawaru
Qazlal
Ru
Sif Muna
Trog
Uskayaw
Vehumet
Wu Jian
Xom
Yredelemnul
Zin
The Shining One

Shops:
D:11 }

Portals:
Trove: D:12 (give 17 potions of curing)

Annotations:
Lair:6 Nessos


Innate Abilities, Weirdness & Mutations

You reflexively headbutt those who attack you in melee.
You have a pair of horns on your head.
You are resistant to hostile enchantments. (MR+)
You are somewhat resistant to further mutation.


Message History

* * * LOW HITPOINT WARNING * * *
You feel sick.
A yak comes into view. x2
The yak bellows!
You slash the yak! You freeze the yak. You headbutt the yak!
The yak is severely wounded.
* * * LOW HITPOINT WARNING * * *
You feel sick.
The yak bellows!
You hear an angry hiss.
You hear a bellow!
You slice the yak!! You freeze the yak.
You kill the yak!
* * * LOW HITPOINT WARNING * * *
You feel sick.
You hear an angry hiss.
* * * LOW HITPOINT WARNING * * *
You feel sick.
Your magical effects are unravelling.
You feel magically purged.
You feel a little less agile now.
You die...

♣ ♣. ♣. ♣♣..
♣...
♣....♣♣♣♣♣♣..♣
♣....†.Y♣
♣.@.♣ ♣♣♣♣♣


You could see a yak.

Vanquished Creatures
  Fannar (D:12)
  Harold (D:8)
  2 hydras
  A catoblepas (Lair:1)
  A centaur warrior (D:9)
  2 two-headed ogres
  A queen ant (Lair:2)
  Pikel (D:7)
  An ugly thing (D:12)
  4 cyclopes
  2 manticores (D:12)
  Joseph (D:9)
  2 black mambas
  4 spiny frogs
  2 komodo dragons
  2 trolls
  6 hippogriffs
  A wyvern (Lair:2)
  18 yaks
  3 hungry ghosts
  5 basilisks
  A steam dragon (D:8)
  2 wargs (D:9)
  2 soldier ants (Lair:2)
  2 acid dragons
  7 water moccasins
  Duvessa (D:6)
  4 porcupines
  8 orc warriors
  2 ice beasts
  2 slaves (D:7)
  3 phantoms
  2 black bears
  3 necrophages
  3 sky beasts
  10 wolves (Lair:3)
  7 ogres
  5 centaurs
  6 crocodiles
  2 big kobolds
  Blork the orc (D:6)
  12 bullfrogs
  Dowan (D:6)
  9 wights
  3 scorpions
  A killer bee (D:9)
  6 howler monkeys
  9 crimson imps
  2 centaur zombies
  A quasit (D:12)
  5 bullfrog zombies
  5 hounds
  Crazy Yiuf (D:6)
  6 orc priests
  3 jellies
  2 bullfrog skeletons
  3 centaur skeletons
  8 iguanas
  19 orc wizards
  Natasha (thrice) (D:2)
  28 worker ants
  2 hound zombies (D:7)
  9 gnolls
  13 adders
  4 shadow imps
  An ooze (D:6)
  An adder zombie (D:9)
  2 adder skeletons
  3 worms
  A dart slug (D:1)
  6 leopard geckos
  53 orcs
  7 giant cockroaches
  8 goblins
  5 hobgoblins
  19 jackals
  13 kobolds
  7 quokkas
  A ball python (D:3)
  12 bats
  2 leopard gecko skeletons
  5 rats
  3 fungi
  3 plants
441 creatures vanquished.

Vanquished Creatures (others)
  A slave (D:7)
  A jelly (D:7)
  An orc wizard (D:7)
  A quokka (D:7)
  5 fungi
  A plant (Lair:2)
10 creatures vanquished.

Grand Total: 451 creatures vanquished

Notes
Turn   | Place    | Note
-------+----------+-------------------------------------------
     0 | D:1      | Mattoad the Minotaur Fighter began the quest for the Orb.
     0 | D:1      | Reached XP level 1. HP: 19/19 MP: 0/0
   107 | D:1      | Reached XP level 2. HP: 22/27 MP: 1/1
   281 | D:1      | Reached skill level 3 in Axes
   542 | D:1      | Reached XP level 3. HP: 33/33 MP: 2/2
   697 | D:2      | Noticed Natasha
   705 | D:2      | Killed Natasha
   919 | D:2      | Noticed Natasha
   927 | D:2      | Killed Natasha
   927 | D:2      | Reached XP level 4. HP: 27/40 MP: 3/3
   961 | D:2      | Found a hide-covered altar of Uskayaw.
  1080 | D:2      | Noticed Natasha
  1086 | D:2      | Killed Natasha
  1086 | D:2      | Reached skill level 4 in Axes
  1086 | D:2      | Reached skill level 1 in Dodging
  1324 | D:2      | Found a shadowy altar of Dithmenos.
  1324 | D:2      | Found a glowing golden altar of the Shining One.
  1342 | D:2      | Became a worshipper of the Shining One
  1447 | D:3      | You fall into a shaft and drop 3 floors!
  1487 | D:5      | Entered Level 5 of the Dungeon
  1495 | D:5      | Reached XP level 5. HP: 42/46 MP: 4/4
  1794 | D:3      | Reached skill level 5 in Armour
  2464 | D:3      | Reached XP level 6. HP: 52/53 MP: 5/5
  2899 | D:4      | Reached skill level 5 in Shields
  3354 | D:4      | Reached skill level 5 in Axes
  3596 | D:5      | Reached skill level 5 in Fighting
  3618 | D:5      | Reached * piety under the Shining One
  3638 | D:5      | Reached XP level 7. HP: 11/61 MP: 6/6
  4205 | D:5      | Found a staircase to the Ecumenical Temple.
  4211 | Temple   | Entered the Ecumenical Temple
  4561 | D:5      | Reached skill level 6 in Axes
  4678 | D:6      | Found a bloodstained altar of Trog.
  4680 | D:6      | Noticed Blork the orc
  4785 | D:6      | Upgraded the game from 0.24-a0-809-g71cb82dfb8 to 0.24-b1
  5034 | D:6      | Found a runed translucent door.
  5035 | D:6      | Noticed Crazy Yiuf
  5071 | D:6      | Reached skill level 7 in Axes
  5112 | D:6      | Reached XP level 8. HP: 67/70 MP: 7/7
  5133 | D:6      | Reached skill level 8 in Axes
  5181 | D:6      | Noticed Duvessa
  5397 | D:6      | Killed Blork the orc
  5453 | D:6      | Noticed Dowan
  5463 | D:6      | Killed Duvessa
  5463 | D:6      | Reached skill level 9 in Axes
  5469 | D:6      | Killed Dowan
  5489 | D:6      | Reached ** piety under the Shining One
  5718 | D:6      | Killed Crazy Yiuf
  5815 | D:7      | Noticed a hippogriff
  5864 | D:7      | Found a white marble altar of Elyvilon.
  5945 | D:7      | Found a blossoming altar of Fedhas.
  6118 | D:7      | Reached XP level 9. HP: 68/78 MP: 8/8
  6191 | D:7      | Noticed Pikel
  6244 | D:7      | Killed Pikel
  6244 | D:7      | Reached skill level 10 in Axes
  6841 | D:7      | Reached skill level 11 in Axes
  7675 | D:8      | Reached skill level 1 in Throwing
  7781 | D:8      | Reached skill level 1 in Stealth
  7788 | D:8      | Reached XP level 10. HP: 83/86 MP: 9/9
  7893 | D:8      | Reached *** piety under the Shining One
  8006 | D:8      | Noticed Harold
  8027 | D:8      | Killed Harold
  8058 | D:8      | Noticed a two-headed ogre
  8070 | D:8      | Killed a two-headed ogre
  8070 | D:8      | Reached skill level 12 in Axes
  8618 | D:9      | Noticed Joseph
  8638 | D:9      | Killed Joseph
  8679 | D:9      | Reached skill level 13 in Axes
  8682 | D:9      | Found a staircase to the Lair.
  9181 | D:9      | Noticed a cyclops
  9202 | D:9      | Killed a cyclops
  9202 | D:9      | Reached XP level 11. HP: 94/94 MP: 10/10
  9269 | D:9      | Reached **** piety under the Shining One
  9607 | D:9      | Noticed a two-headed ogre
  9618 | D:9      | Noticed a centaur warrior
  9624 | D:9      | Killed a centaur warrior
  9624 | D:9      | Reached skill level 10 in Shields
  9633 | D:9      | Killed a two-headed ogre
  9646 | D:9      | Identified the ring of Bakuxt {+Fly Int+4 Dex+3}
 10354 | D:10     | Entered Level 10 of the Dungeon
 10482 | D:10     | Reached skill level 14 in Axes
 10499 | D:10     | Reached ***** piety under the Shining One
 10505 | D:10     | Reached skill level 10 in Armour
 11065 | D:11     | Found Izxypn's Gadget Shoppe.
 11081 | D:11     | Gained mutation: You are resistant to hostile enchantments.
                  | (MR+) [potion of mutation]
 11081 | D:11     | Gained mutation: You are somewhat resistant to further
                  | mutation. [potion of mutation]
 11213 | D:11     | Reached skill level 10 in Fighting
 11499 | D:12     | Noticed Fannar
 11514 | D:12     | Killed Fannar
 11736 | D:12     | Noticed a purple ugly thing
 12540 | D:12     | Reached skill level 1 in Slings
 12540 | D:12     | Reached XP level 12. HP: 98/105 MP: 11/11
 12642 | D:12     | Found a staircase to the Orcish Mines.
 13227 | D:12     | Found a portal to a secret trove of treasure.
 13492 | Lair:1   | Entered Level 1 of the Lair of Beasts
 13689 | Lair:1   | Reached skill level 15 in Axes
 14036 | Lair:1   | Noticed a catoblepas
 14564 | Lair:1   | Killed a catoblepas
 14882 | Lair:2   | Noticed a queen ant
 14884 | Lair:2   | Noticed a seven-headed hydra
 15151 | Lair:2   | Killed an 11-headed hydra
 15194 | Lair:2   | Killed a queen ant
 15194 | Lair:2   | Reached skill level 1 in Invocations
 15607 | Lair:4   | Noticed an eight-headed hydra
 15621 | Lair:4   | HP: 1/112 [13-headed hydra (8)]
 16036 | Lair:4   | Killed an 18-headed hydra
 16111 | Lair:5   | Noticed a six-headed hydra
 16117 | Lair:6   | Entered Level 6 of the Lair of Beasts
 16120 | Lair:6   | Reached XP level 13. HP: 107/117 MP: 13/13
 16130 | Lair:6   | Noticed Nessos
 16167 | Lair:6   | HP: 5/118 [poisoned by Nessos]
 16169 | Lair:6   | HP: 2/118 [poisoned by Nessos]
 16172 | Lair:6   | Succumbed to Nessos's poison

Skill      XL: |  1  2  3  4  5  6  7  8  9 10 11 12 13 |
---------------+----------------------------------------+-----
Armour         | 4 5 6 8 9 10 11 | 11.1
Fighting       | 4 5 6 7 8 10 11 12 | 12.0
Axes           | 3 4 5 7 9 11 13 14 15 | 15.9
Shields        | 4 5 6 7 8 9 10 11 | 11.7
Dodging        | 1 2 3 4 |  4.4
Throwing       | 1 2 |  2.0
Stealth        | 1 |  1.2
Slings         | 1 3 |  3.7
Invocations    | 2 |  2.0
Evocations     | |  0.1

Action                   |  1- 3 |  4- 6 |  7- 9 | 10-12 | 13-15 || total
-------------------------+-------+-------+-------+-------+-------++-------
Melee: War axe           |    81 |   159 |   228 |   555 |    19 ||  1042
       Headbutt          |    10 |    24 |    37 |   124 |     7 ||   202
 Fire: Hunting sling     |       |       |       |    20 |       ||    20
Throw: Boomerang         |       |       |    19 |       |       ||    19
Invok: Divine Shield     |       |       |       |     7 |       ||     7
       Cleansing Flame   |       |       |       |     2 |       ||     2
Evoke: Wand              |       |       |     1 |     2 |       ||     3
       Box of beasts     |       |       |       |     1 |       ||     1
  Use: Potion            |       |    12 |     5 |     8 |     2 ||    27
       Scroll            |       |     7 |     7 |    20 |     2 ||    36
  Eat: Ration            |       |     2 |     4 |    10 |       ||    16
       Chunk             |       |     2 |     2 |       |       ||     4
Armor: Scale mail        |    65 |     2 |       |       |       ||    67
       Chain mail        |       |    80 |    91 |    44 |       ||   215
       Pearl dragon scal |       |       |       |   166 |     4 ||   170
Dodge: Dodged            |    41 |    25 |    67 |   180 |     8 ||   321
Block: Shield            |    70 |    84 |   133 |   433 |    19 ||   739
